SA
ATHLETIC CLUB KC U-21 @ DELAWARE 1787 BC
07/27/2030
 
TOP OF THE 1ST
Athletic Club KC U-21 batting - Pitching for Delaware 1787 BC : RHP John Jewell
Pitching: RHP John Jewell
Batting: LHB José Antonio Mireles 0-0: Ball
1-0: Foul Ball, location: 2F
1-1: Ball
2-1: Ball
3-1: Fly out, F3 (Popup, 3SF)
Batting: LHB Loo Liu 0-0: Foul Ball, location: 2F
0-1: SINGLE (Line Drive, 4D)
Batting: RHB Mario Truxillo 0-0: Ball
Loo Liu is caught stealing 2nd base
1-0: Fly out, F7 (Line Drive, 7S)
Top of the 1st over - 0 runs, 1 hit, 0 errors, 0 left on base; Athletic Club KC 0 - Delaware 0
BOTTOM OF THE 1ST
Delaware 1787 BC batting - Pitching for Athletic Club KC U-21 : RHP Madanraj Velusamy
Pitching: RHP Madanraj Velusamy
Batting: RHB Luke Kreijling 0-0: Called Strike
0-1: Swinging Strike
0-2: Ball
1-2: SINGLE (Groundball, 15) (infield hit)
Batting: RHB Toyozo Yamasaki 0-0: Ball
Luke Kreijling is caught stealing 2nd base
1-0: Foul Ball, location: 2F
1-1: Foul Ball, location: 2F
1-2: Foul Ball, location: 2F
1-2: Foul Ball, location: 2F
1-2: Foul Ball, location: 2F
1-2: Foul Ball, location: 2F
1-2: Ball
2-2: Ground out 6-3 (Groundball, 6S)
Batting: LHB Bryce Abood 0-0: Ball
1-0: Called Strike
1-1: Called Strike
1-2: Strikes out swinging
Bottom of the 1st over - 0 runs, 1 hit, 0 errors, 0 left on base; Athletic Club KC 0 - Delaware 0
TOP OF THE 2ND
Athletic Club KC U-21 batting - Pitching for Delaware 1787 BC : RHP John Jewell
Batting: LHB Miguel Vásquez 0-0: SINGLE (Line Drive, 6MD)
Batting: RHB Miguel Rodríguez 0-0: Ball
1-0: Ball
2-0: Foul Ball, location: 2F
2-1: Ball
3-1: Swinging Strike
3-2: Base on Balls
Miguel Vásquez to second
Batting: RHB David Lozano 0-0: Fly out, F7 (Line Drive, 78D)
Batting: RHB John Ricks 0-0: Ball
1-0: Fly out, F5 (Line Drive, 5)
Batting: RHB Jon Hall 0-0: Ball
1-0: Ball
2-0: Ball
3-0: Called Strike
3-1: Called Strike
3-2: SINGLE (Line Drive, 8RS)
Miguel Vásquez to third
Miguel Rodríguez to second
Miguel Vásquez scores
Miguel Rodríguez to third
Batting: RHB Bing-zhong Wu Pickoff Throw to First - Out!
Top of the 2nd over - 1 run, 2 hits, 0 errors, 1 left on base; Athletic Club KC 1 - Delaware 0
BOTTOM OF THE 2ND
Delaware 1787 BC batting - Pitching for Athletic Club KC U-21 : RHP Madanraj Velusamy
Batting: RHB Mario Castillo 0-0: Called Strike
0-1: Ball
1-1: Foul Ball, location: 2F
1-2: Strikes out swinging
Batting: LHB Donovan Inman 0-0: Swinging Strike
0-1: Foul Ball, location: 2F
0-2: Foul Ball, location: 2F
0-2: Ground out U3 (Groundball, 3)
Batting: RHB Mike Pate 0-0: Called Strike
0-1: Ball
1-1: Ball
2-1: Swinging Strike
2-2: Strikes out looking
Bottom of the 2nd over - 0 runs, 0 hits, 0 errors, 0 left on base; Athletic Club KC 1 - Delaware 0
TOP OF THE 3RD
Athletic Club KC U-21 batting - Pitching for Delaware 1787 BC : RHP John Jewell
Batting: RHB Bing-zhong Wu 0-0: Called Strike
0-1: Ground out 3-1 (Groundball, 3S)
Batting: LHB José Antonio Mireles 0-0: Swinging Strike
0-1: Ball
1-1: Ball
2-1: Foul Ball, location: 2F
2-2: Foul Ball, location: 2F
2-2: Strikes out swinging
Batting: LHB Loo Liu 0-0: Ball
1-0: Called Strike
1-1: Ball
2-1: DOUBLE (Flyball, 89XD)
Batting: RHB Mario Truxillo 0-0: Called Strike
0-1: Ball
1-1: SINGLE (Line Drive, 6MD)
Loo Liu to third
Runner from 3rd tries for Home, SAFE, no throw
Batting: LHB Miguel Vásquez 0-0: Ball
Mario Truxillo steals 2nd base
1-0: Called Strike
1-1: Swinging Strike
1-2: Ball
2-2: Ball
3-2: Foul Ball, location: 2F
3-2: Fly out, F7 (Flyball, 7S)
Top of the 3rd over - 1 run, 2 hits, 0 errors, 1 left on base; Athletic Club KC 2 - Delaware 0
BOTTOM OF THE 3RD
Delaware 1787 BC batting - Pitching for Athletic Club KC U-21 : RHP Madanraj Velusamy
Batting: LHB Hai-feng Tang 0-0: Ball
1-0: Ball
2-0: Ball
3-0: Called Strike
3-1: Foul Ball, location: 2F
3-2: Foul Ball, location: 2F
3-2: Fly out, F4 (Popup, 34D)
Batting: RHB Norberto Rivera 0-0: Called Strike
0-1: Ball
1-1: Ball
2-1: Ground out 5-3 (Groundball, 5)
Batting: LHB Todd Bonzalez 0-0: Called Strike
0-1: Ball
1-1: Ball
2-1: Called Strike
2-2: Foul Ball, location: 2F
2-2: Ball
3-2: Strikes out looking
Bottom of the 3rd over - 0 runs, 0 hits, 0 errors, 0 left on base; Athletic Club KC 2 - Delaware 0
TOP OF THE 4TH
Athletic Club KC U-21 batting - Pitching for Delaware 1787 BC : RHP John Jewell
Batting: RHB Miguel Rodríguez 0-0: Called Strike
0-1: SINGLE (Flyball, 9LM)
Batting: RHB David Lozano 0-0: Ball
1-0: Called Strike
1-1: Ball
2-1: Foul Ball, location: 2F
2-2: Strikes out looking
Batting: RHB John Ricks 0-0: Foul Ball, location: 2F
0-1: SINGLE (Groundball, 5) (infield hit)
Miguel Rodríguez to second
Batting: RHB Jon Hall 0-0: Called Strike
0-1: Ball
1-1: Ball
2-1: Ball
3-1: Fly out, F4 (Flyball, 4D)
Batting: RHB Bing-zhong Wu 0-0: Ball
1-0: Ball
2-0: Foul Ball, location: 2F
2-1: Ball
3-1: Called Strike
3-2: Strikes out swinging
Top of the 4th over - 0 runs, 2 hits, 0 errors, 2 left on base; Athletic Club KC 2 - Delaware 0
BOTTOM OF THE 4TH
Delaware 1787 BC batting - Pitching for Athletic Club KC U-21 : RHP Madanraj Velusamy
Batting: RHB Luke Kreijling 0-0: SINGLE (Groundball, 56D)
Batting: RHB Toyozo Yamasaki 0-0: Ball
1-0: Swinging Strike
1-1: Foul Ball, location: 2F
1-2: Ball
2-2: Foul Ball, location: 2F
2-2: Ball
3-2: Strikes out swinging
Batting: LHB Bryce Abood 0-0: Ball
1-0: Ball
2-0: Ball
3-0: Base on Balls
Luke Kreijling to second
Batting: RHB Mario Castillo 0-0: Ball
1-0: Called Strike
1-1: Foul Ball, location: 2F
1-2: Ball
2-2: Strikes out swinging
Batting: LHB Donovan Inman 0-0: Ball
1-0: Ball
2-0: Ball
3-0: Called Strike
3-1: Foul Ball, location: 2F
3-2: Strikes out looking
Bottom of the 4th over - 0 runs, 1 hit, 0 errors, 2 left on base; Athletic Club KC 2 - Delaware 0
TOP OF THE 5TH
Athletic Club KC U-21 batting - Pitching for Delaware 1787 BC : RHP John Jewell
Batting: LHB José Antonio Mireles 0-0: Foul Ball, location: 2F
0-1: Called Strike
0-2: Ball
1-2: Ball
2-2: Ball
3-2: SINGLE (Line Drive, 8RS)
Batting: LHB Loo Liu 0-0: Bunted foul
0-1: Sac Bunt - play at second, runner safe!
Batting: RHB Mario Truxillo 0-0: Called Strike
0-1: SINGLE (Groundball, 25) (infield hit)
José Antonio Mireles to third
Loo Liu to second
Batting: LHB Miguel Vásquez 0-0: Ball
1-0: Ball
2-0: Called Strike
2-1: Foul Ball, location: 2F
2-2: Ground out 5-3 (Groundball, 5D)
José Antonio Mireles scores
Loo Liu to third
Mario Truxillo to second
Batting: RHB Miguel Rodríguez 0-0: Called Strike
0-1: Ball
1-1: Called Strike
1-2: Ball
2-2: Ground out 3-1 (Groundball, 34)
Loo Liu scores
Mario Truxillo to third
Batting: RHB David Lozano 0-0: Ground out 5-3 (Groundball, 5)
Top of the 5th over - 2 runs, 2 hits, 0 errors, 1 left on base; Athletic Club KC 4 - Delaware 0
BOTTOM OF THE 5TH
Delaware 1787 BC batting - Pitching for Athletic Club KC U-21 : RHP Madanraj Velusamy
Batting: RHB Mike Pate 0-0: Swinging Strike
0-1: Foul Ball, location: 2F
0-2: Foul Ball, location: 2F
0-2: Ball
1-2: Ball
2-2: Foul Ball, location: 2F
2-2: Ball
3-2: SINGLE (Groundball, 56D)
Batting: LHB Hai-feng Tang 0-0: Fly out, F9 (Flyball, 9LMF)
Batting: RHB Norberto Rivera 0-0: Called Strike
Mike Pate steals 2nd base
0-1: Ball
1-1: Swinging Strike
1-2: Hit by Pitch
Batting: LHB Todd Bonzalez 0-0: Foul Ball, location: 2F
0-1: Ball
1-1: Swinging Strike
1-2: Ball
2-2: Ball
3-2: Foul Ball, location: 2F
3-2: Strikes out looking
Pitching: RHP Roberto Martínez
Batting: RHB Luke Kreijling 0-0: Fly out, F7 (Flyball, 78XD)
Bottom of the 5th over - 0 runs, 1 hit, 0 errors, 2 left on base; Athletic Club KC 4 - Delaware 0
TOP OF THE 6TH
Athletic Club KC U-21 batting - Pitching for Delaware 1787 BC : RHP John Jewell
Batting: RHB John Ricks 0-0: Fly out, F7 (Flyball, 7LMF)
Batting: RHB Jon Hall 0-0: Called Strike
0-1: Fly out, F8 (Flyball, 8RD)
Batting: RHB Bing-zhong Wu 0-0: SINGLE (Groundball, 34D)
Batting: LHB José Antonio Mireles 0-0: Foul Ball, location: 2F
0-1: Ball
1-1: Called Strike
1-2: Foul Ball, location: 2F
1-2: Strikes out swinging
Top of the 6th over - 0 runs, 1 hit, 0 errors, 1 left on base; Athletic Club KC 4 - Delaware 0
BOTTOM OF THE 6TH
Delaware 1787 BC batting - Pitching for Athletic Club KC U-21 : RHP Roberto Martínez
Batting: RHB Toyozo Yamasaki 0-0: Ball
1-0: Ball
2-0: Ball
3-0: Base on Balls
Batting: LHB Bryce Abood 0-0: Ball
Toyozo Yamasaki steals 2nd base
1-0: Called Strike
1-1: Ground out 3-1 (Groundball, 34)
Toyozo Yamasaki to third
Batting: RHB Mario Castillo 0-0: Foul Ball, location: 2F
0-1: Foul Ball, location: 2F
0-2: DOUBLE (Line Drive, 8LD)
Toyozo Yamasaki scores
Batting: LHB Donovan Inman 0-0: Ball
1-0: Ball
Mario Castillo steals 3rd base
2-0: SINGLE (Flyball, 7LS)
Mario Castillo scores
Pitching: RHP Taalay Ibragimov
Batting: RHB Mike Pate 0-0: Ball
1-0: Fly out, F8 (Flyball, 8LD)
Batting: LHB Hai-feng Tang 0-0: Ball
1-0: Foul Ball, location: 2F
1-1: Called Strike
1-2: Foul Ball, location: 2F
1-2: Ball
2-2: Fielders Choice at 2nd, 6-4 (Groundball, 6)
Bottom of the 6th over - 2 runs, 2 hits, 0 errors, 1 left on base; Athletic Club KC 4 - Delaware 2
TOP OF THE 7TH
Athletic Club KC U-21 batting - Pitching for Delaware 1787 BC : RHP John Jewell
Batting: LHB Loo Liu 0-0: Called Strike
0-1: Foul Ball, location: 2F
0-2: Strikes out looking
Batting: RHB Mario Truxillo 0-0: Swinging Strike
0-1: Ball
1-1: Called Strike
1-2: Foul Ball, location: 2F
1-2: Strikes out looking
Batting: LHB Miguel Vásquez 0-0: Ball
1-0: Swinging Strike
1-1: SINGLE (Groundball, 3D)
Pitching: LHP Mapuana Yara
Batting: RHB Miguel Rodríguez 0-0: Called Strike
0-1: Fly out, F7 (Flyball, 7S)
Top of the 7th over - 0 runs, 1 hit, 0 errors, 1 left on base; Athletic Club KC 4 - Delaware 2
BOTTOM OF THE 7TH
Delaware 1787 BC batting - Pitching for Athletic Club KC U-21 : RHP Taalay Ibragimov
Now in LF: José Torres
Batting: RHB Norberto Rivera 0-0: Ball
1-0: Ball
2-0: Foul Ball, location: 2F
2-1: Ground out 5-3 (Groundball, 56)
Batting: LHB Todd Bonzalez 0-0: Foul Ball, location: 2F
0-1: Ball
1-1: Foul Ball, location: 2F
1-2: Strikes out swinging, 2-3 out at first.
Batting: RHB Luke Kreijling 0-0: Ball
1-0: Ball
2-0: Called Strike
2-1: Ball
3-1: Foul Ball, location: 2F
3-2: Foul Ball, location: 2F
3-2: Strikes out swinging
Bottom of the 7th over - 0 runs, 0 hits, 0 errors, 0 left on base; Athletic Club KC 4 - Delaware 2
TOP OF THE 8TH
Athletic Club KC U-21 batting - Pitching for Delaware 1787 BC : LHP Mapuana Yara
Batting: RHB David Lozano 0-0: Called Strike
0-1: Ground out 4-3 (Groundball, 4)
Batting: RHB John Ricks 0-0: Called Strike
0-1: Called Strike
0-2: Ball
1-2: Ball
2-2: Strikes out swinging
Batting: RHB Jon Hall 0-0: Ball
1-0: Foul Ball, location: 2F
1-1: Called Strike
1-2: Ball
2-2: Strikes out swinging
Top of the 8th over - 0 runs, 0 hits, 0 errors, 0 left on base; Athletic Club KC 4 - Delaware 2
BOTTOM OF THE 8TH
Delaware 1787 BC batting - Pitching for Athletic Club KC U-21 : RHP Taalay Ibragimov
Now at 1B: Jihan Tuah
Batting: RHB Toyozo Yamasaki 0-0: Ball
1-0: Ball
2-0: Foul Ball, location: 2F
2-1: DOUBLE (Line Drive, 9LM)
Batting: LHB Bryce Abood 0-0: Foul Ball, location: 2F
0-1: Swinging Strike
0-2: Ball
1-2: Ball
2-2: Foul Ball, location: 2F
2-2: Ball
3-2: Base on Balls
Batting: RHB Mario Castillo 0-0: Called Strike
0-1: Foul Ball, location: 2F
0-2: Strikes out looking
Batting: LHB Donovan Inman 0-0: Called Strike
0-1: Called Strike
0-2: Ball
1-2: Ball
2-2: Ball
3-2: Fly out, F8 (Flyball, 8RXD)
Runner from 2nd tags up, SAFE at 3rd, no throw
Pinch Hitting: LHB Xuan-ling Liao 0-0: Called Strike
0-1: Called Strike
0-2: Ball
1-2: Strikes out swinging
Bottom of the 8th over - 0 runs, 1 hit, 0 errors, 2 left on base; Athletic Club KC 4 - Delaware 2
TOP OF THE 9TH
Athletic Club KC U-21 batting - Pitching for Delaware 1787 BC : LHP Mapuana Yara
Now in RF: Xuan-ling Liao
Batting: RHB Bing-zhong Wu 0-0: Ball
1-0: Swinging Strike
1-1: Ground out 6-3 (Groundball, 6)
Batting: LHB José Antonio Mireles 0-0: Ball
1-0: Called Strike
1-1: Called Strike
1-2: Fly out, F7 (Flyball, 78S)
Batting: LHB Loo Liu 0-0: Ball
1-0: Called Strike
1-1: Fly out, F8 (Flyball, 8LD)
Top of the 9th over - 0 runs, 0 hits, 0 errors, 0 left on base; Athletic Club KC 4 - Delaware 2
BOTTOM OF THE 9TH
Delaware 1787 BC batting - Pitching for Athletic Club KC U-21 : RHP Taalay Ibragimov
Batting: LHB Hai-feng Tang 0-0: Swinging Strike
0-1: Fly out, F9 (Line Drive, 9)
Batting: RHB Norberto Rivera 0-0: Ball
1-0: Foul Ball, location: 2F
1-1: Ball
2-1: Foul Ball, location: 2F
2-2: Ball
3-2: SINGLE (Flyball, 9S)
Batting: LHB Todd Bonzalez 0-0: Swinging Strike
0-1: Ball
1-1: Ball
2-1: Called Strike
2-2: Strikes out swinging
Batting: RHB Luke Kreijling 0-0: Called Strike
0-1: Fly out, F3 (Popup, 3DF)
Bottom of the 9th over - 0 runs, 1 hit, 0 errors, 1 left on base; Athletic Club KC 4 - Delaware 2
Sunday, March 18th, 2018 - OOTP Baseball 18.8 Build 76